 Dungeon Crawl Stone Soup version 0.32-a0-696-g5fa0bccb63 (webtiles) character file.

Game seed: 18394179555428142012

65235 Kenran the Nimble (level 14, -4/126 HPs)
             Began as a Demigod Fighter on Mar 13, 2024.
             Slain by a fire elemental (12 damage)
             ... summoned by a deep elf pyromancer
             ... on level 12 of the Dungeon.
             The game lasted 00:47:27 (22066 turns).

Kenran the Nimble (Demigod Fighter)                Turns: 22066, Time: 00:47:28

Health: -4/126     AC: 24    Str: 17    XL:     14   Next: 36%
Magic:  0/17       EV: 26    Int: 10    God:
Gold:   1145       SH:  7    Dex: 29    Spells: 13/13 levels left

rFire   . . .        e - +10 short sword of Tootov Ogi {holy, rC++}
rCold   + + +        c - +0 buckler
rNeg    . . .        G - +3 scale mail {Will+}
rPois   +            P - +2 helmet {SInv}
rElec   .            s - +1 cloak
rCorr   .            U - +2 pair of gloves
SInv    +            l - +3 pair of mountain boots {steadfast, rC+}
Will    ++...        m - amulet of guardian spirit
Stlth   +            t - ring of poison resistance
HPRegen 0.41/turn    F - +5 ring of evasion
MPRegen 0.15/turn

%: guardian spirit
@: studying 2 skills
A: high MP 1, forlorn, divine attributes
a: no special abilities


You were on level 12 of the Dungeon.
You visited 2 branches of the dungeon, and saw 17 of its levels.
You also visited: Sewer, Bailey and Ice Cave.

You collected 1595 gold pieces.
You spent 450 gold pieces at shops.

Inventory:

Hand Weapons
 e - the +10 short sword of Tootov Ogi (weapon) {holy, rC++}
   (You took it off an orc warrior in a bailey)

   rC++:      It greatly protects you from cold.
Missiles
 J - 5 curare-tipped darts (quivered)
Armour
 c - a +0 buckler (worn)
 l - the +3 pair of mountain boots (worn) {steadfast, rC+}
   (You found it in a bailey)

   Steadfast: It prevents involuntary movement, except for blinking,
   teleportation, or banishment.
   rC+:       It protects you from cold.
 s - a +1 cloak (worn)
 G - a +3 scale mail of willpower (worn)
 P - a +2 helmet of see invisible (worn)
 T - +0 swamp dragon scales
 U - a +2 pair of gloves (worn)
Jewellery
 a - a ring of flight
 b - a ring of fire
 m - an amulet of guardian spirit (around neck)
 t - a ring of poison resistance (left hand)
 w - a ring of willpower
 F - a +5 ring of evasion (right hand)
 O - a ring of protection from cold
Talismans
 V - a granite talisman
Wands
 d - a wand of flame (23)
 r - a wand of mindburst (6)
 y - a wand of digging (8)
 A - a wand of paralysis (23)
 L - a wand of light (2)
 R - a wand of polymorph (10)
Scrolls
 f - 7 scrolls of teleportation
 g - a scroll of fear
 i - a scroll of immolation {unknown}
 k - 4 scrolls of amnesia
 n - 5 scrolls of enchant weapon
 o - 2 scrolls of revelation
 q - 3 scrolls of poison
 C - 3 scrolls of fog
 H - 3 scrolls of summoning
 M - a scroll of vulnerability {unknown}
 S - a scroll of blinking {unknown}
Potions
 h - 3 potions of brilliance
 j - a potion of resistance {unknown}
 p - 3 potions of curing {unknown}
 u - 6 potions of attraction {unknown}
 v - a potion of heal wounds {@q2}
 x - 3 potions of haste
 z - 3 potions of might
 D - 3 potions of lignification {unknown}
 E - a potion of ambrosia {unknown}
 I - 3 potions of mutation {unknown}
 K - a potion of berserk rage {!q}
 N - a potion of enlightenment
Miscellaneous
 B - a box of beasts
 Q - a tin of tremorstones (2/2)


   Skills:
 - Level 12.0 Fighting
 - Level 6.3(10.7) Short Blades
 - Level 13.4(14.0) Long Blades
 - Level 8.0 Armour
 + Level 14.4 Dodging
 - Level 6.0 Shields


You had 13 spell levels left.
You didn't know any spells.
Your spell library contained the following spells:

 Spells                   Type           Power      Damage    Failure   Level
 Sandblast                Erth           0%         2d4       80%         1
 Slow                     Hex            0%         N/A       80%         1
 Sting                    Conj/Alch      0%         1d3       80%         1
 Ensorcelled Hibernation  Hex/Ice        0%         N/A       90%         2
 Mercury Vapours          Alch/Air       0%         N/A       90%         2
 Scorch                   Fire           0%         2d5       90%         2
 Confusing Touch          Hex            0%         N/A       99%         3
 Dazzling Flash           Conj/Hex       0%         N/A       99%         3
 Frozen Ramparts          Ice            0%         1d1       99%         3
 Mephitic Cloud           Conj/Alch/Air  0%         N/A       99%         3
 Ozocubu's Armour         Ice            0%         N/A       99%         3
 Passwall                 Erth           0%         N/A       99%         3
 Stone Arrow              Conj/Erth      0%         3d7       99%         3
 Summon Ice Beast         Ice/Summ       0%         N/A       99%         3
 Vampiric Draining        Necr           0%         2d6       99%         3
 Animate Dead             Necr           0%         N/A       100%        4
 Brom's Barrelling Bould  Conj/Erth      0%         2d3       100%        4
 Flame Wave               Conj/Fire      0%         2d4       100%        4
 Leda's Liquefaction      Alch/Erth      0%         N/A       100%        4
 Olgreb's Toxic Radiance  Alch           0%         N/A       100%        4
 Petrify                  Alch/Erth      0%         N/A       100%        4
 Borgnjor's Vile Clutch   Necr/Erth      0%         N/A       100%        5
 Curse of Agony           Necr           0%         N/A       100%        5
 Freezing Cloud           Conj/Ice/Air   0%         6-21      100%        5
 Metabolic Englaciation   Hex/Ice        0%         N/A       100%        5
 Silence                  Hex/Air        0%         N/A       100%        5
 Death Channel            Necr           0%         N/A       100%        6
 Eringya's Noxious Bog    Alch           0%         4d6       100%        6
 Permafrost Eruption      Ice/Erth       0%         2x4d2     100%        6
 Summon Cactus Giant      Summ           0%         N/A       100%        6
 Haunt                    Necr/Summ      0%         N/A       100%        7
 Infestation              Necr           0%         N/A       100%        8


Dungeon Overview and Level Annotations

Branches:
Dungeon (12/15)            Temple (0/1) D:5            Lair (5/5) D:11
 Shoals (0/4) Lair:2        Snake (0/4) Lair:3        Slime (0/5) Lair:5
    Orc (0/2) D:9           Sewer (visited)          Bailey (visited)
  IceCv (visited)

Shops:
D:3 [   D:5 =   D:7 :   D:8 *

Annotations:
D:2 1 runed translucent door, Crazy Yiuf
D:5 2 runed translucent doors, Revguard's ghost, novice CoGl
D:6 2 transporters
Lair:1 2 transporters, Gargoyl's ghost, novice GrBe
Lair:5 : TODO, exclusion: 3 oklob plants


Innate Abilities, Weirdness & Mutations

You have an increased reservoir of magic. (+10% MP)
You shall have no god before yourself.
Your divine heritage dramatically boosts your attributes as you level up.


Message History

The liquid fire burns you!
* * * LOW HITPOINT WARNING * * *
The deep elf pyromancer casts a spell.
You block the slime creature's attack.
You closely miss the deep elf pyromancer.
The deep elf pyromancer is moderately wounded.
The liquid fire burns you!
* * * LOW HITPOINT WARNING * * *
You puncture the deep elf pyromancer!
The deep elf pyromancer is heavily wounded.
The liquid fire burns you!
* * * LOW HITPOINT WARNING * * *
The deep elf pyromancer gestures wildly while chanting.
The fire elemental hits you. The fire elemental burns you!
* * * LOW HITPOINT WARNING * * *
The slime creature completely misses you.
You completely miss the deep elf pyromancer.
The deep elf pyromancer is heavily wounded.
The liquid fire burns you!
* * * LOW HITPOINT WARNING * * *
The fire elemental completely misses you. x2
You hit the deep elf pyromancer but do no damage.
The deep elf pyromancer is heavily wounded.
The liquid fire burns you!
* * * LOW HITPOINT WARNING * * *
The deep elf pyromancer gestures wildly while chanting.
The deep elf pyromancer blinks!
The slime creature completely misses you.
You shake off some of the fire as you move.
The liquid fire burns you!
* * * LOW HITPOINT WARNING * * *
The fire elemental misses you. x2; You block the fire elemental's attack.
The deep elf pyromancer casts a spell at you.
You block the pyre arrow. The fire elemental misses you.
The slime creature barely misses you.
You shake off the liquid fire.
The fire elemental hits you.
* * * LOW HITPOINT WARNING * * *
The fire elemental burns you!
You die...

#.## ...# .. ... #
...#+####.##.#
#.#..#.......#.#
#..............#
......e...EE...#
#........@§...#
#.........EJ..#
#.......○...#
#.#...........##.
.........$.......
....#.........##..
### #.....(...# .
###.........#
#.....####### #


You could see a slime creature, a deep elf pyromancer and 3 fire elementals.

Vanquished Creatures
  A reaper (IceCv)
  The ghost of Xyurudghi the Orderly, a journeyman DsBr of Makhleb (Lair:5)
  3 ice dragons
  Harold (D:9)
  3 hydras
  A boulder beetle (Lair:5)
  5 two-headed ogres
  Sonja (D:10)
  A skyshark (Lair:5)
  Amaemon (Lair:3)
  A swamp dragon (Lair:5)
  2 orc knights (Bailey)
  3 lindwurms
  Maurice (D:7)
  18 elephants
  A black mamba (Lair:1)
  2 ice statues (IceCv)
  An orange demon (Lair:3)
  A centaur zombie (D:11)
  5 torpor snails (Lair:5)
  An unseen horror (D:10)
  9 rime drakes
  6 cane toads
  2 kobold demonologists (D:11)
  11 komodo dragons
  A freezing wraith (IceCv)
  6 ice devils (IceCv)
  Jeremiah (D:8)
  4 polar bears
  32 blink frogs
  3 tyrant leeches (Lair:5)
  6 hornets (Lair:5)
  5 dream sheep
  A meliai zombie (D:11)
  Prince Ribbit (D:7)
  2 slime creatures (D:12)
  A wraith (D:11)
  3 wyverns
  60 yaks
  7 vampire mosquitoes (D:11)
  4 steam dragons
  A catoblepas simulacrum (Lair:5)
  3 basilisks
  4 death yak simulacra
  3 acid dragons
  3 nagas (Lair:3)
  2 hydra simulacra (IceCv)
  Pargi (Sewer)
  16 water moccasins
  10 orc warriors
  A sky beast (D:7)
  4 black bears
  5 ogres
  2 black mamba simulacra (Lair:5)
  20 wolves
  2 centaurs
  A phantom (D:5)
  5 kobold brigands
  7 bullfrogs
  2 brain worms (Sewer)
  2 gnoll sergeants
  2 cane toad simulacra
  A scorpion (D:5)
  5 wights (D:8)
  3 two-headed ogre simulacra (IceCv)
  10 killer bees (D:9)
  A lindwurm simulacrum (Lair:5)
  A dream sheep simulacrum (Lair:5)
  2 elephant simulacra (IceCv)
  2 electric eels
  4 howler monkeys
  2 bombardier beetles
  9 hounds
  3 jellies
  3 orc priests
  3 gnoll boudas
  Terence (D:2)
  10 iguanas
  6 orc wizards
  2 troll simulacra (IceCv)
  A polar bear simulacrum (IceCv)
  Robin (D:2)
  21 gnolls
  9 adders
  2 naga simulacra (IceCv)
  A shadow imp (D:5)
  4 white imps
  3 ufetubi
  A dart slug (D:3)
  A ribbon worm (D:5)
  33 orcs
  4 bats
  4 endoplasms
  7 giant cockroaches
  24 goblins
  8 hobgoblins
  5 jackals (D:1)
  28 kobolds
  4 quokkas
  6 ball pythons
  9 frilled lizards
  5 rats
564 creatures vanquished.

Vanquished Creatures (others)
  An unseen horror (D:11)
  An orc wizard (D:3)
  A white imp (IceCv)
3 creatures vanquished.

Grand Total: 567 creatures vanquished

Notes
Turn   | Place    | Note
-------+----------+-------------------------------------------
     0 | D:1      | Kenran the Demigod Fighter began the quest for the Orb.
     0 | D:1      | Reached XP level 1. HP: 18/18 MP: 3/3
   384 | D:1      | Reached XP level 2. HP: 25/25 MP: 4/4
   919 | D:2      | Noticed Terence
   923 | D:2      | Reached XP level 3. HP: 30/30 MP: 5/5
  1248 | D:2      | Killed Terence
  1249 | D:2      | Reached XP level 4. HP: 18/37 MP: 6/6
  1358 | D:2      | Found a runed translucent door.
  1359 | D:2      | Noticed Crazy Yiuf
  1524 | D:2      | Noticed Robin
  1559 | D:2      | Killed Robin
  1943 | D:3      | Found Geunis's Antique Armour Boutique.
  1997 | D:3      | Reached skill level 5 in Long Blades
  1997 | D:3      | Reached XP level 5. HP: 26/42 MP: 7/7
  2696 | D:4      | Noticed an ogre
  2772 | D:4      | Killed an ogre
  3040 | D:4      | Reached XP level 6. HP: 24/50 MP: 8/8
  3141 | D:4      | Noticed a water moccasin
  3155 | D:4      | Killed a water moccasin
  3542 | D:5      | Entered Level 5 of the Dungeon
  3542 | D:5      | Found a staircase to the Ecumenical Temple.
  3542 | D:5      | Found Doysmaly's Distillery.
  3664 | D:5      | Reached XP level 7. HP: 24/56 MP: 9/9
  3667 | D:5      | Found Ankoemoc's Jewellery Shoppe.
  3759 | D:5      | Found a glowing drain.
  3763 | Sewer    | Entered a sewer
  3866 | Sewer    | Noticed Pargi
  3884 | Sewer    | Killed Pargi
  4126 | D:5      | Bought a ring of poison resistance for 240 gold pieces
  4166 | D:5      | You fall into a shaft and drop 3 floors!
  4358 | D:8      | Reached XP level 8. HP: 62/62 MP: 10/10
  4443 | D:7      | Noticed Prince Ribbit
  4460 | D:7      | Found a flagged portal.
  4466 | D:7      | Killed Prince Ribbit
  4616 | D:7      | Reached skill level 10 in Long Blades
  4731 | Bailey   | Entered a bailey
  5595 | Bailey   | Reached skill level 1 in Dodging
  5738 | Bailey   | Found the +3 pair of mountain boots {steadfast, rC+}
  5738 | Bailey   | Noticed an orc knight
  5738 | Bailey   | Noticed an orc knight
  5778 | Bailey   | Killed an orc knight
  5779 | Bailey   | Reached skill level 2 in Dodging
  5779 | Bailey   | Reached XP level 9. HP: 25/71 MP: 11/11
  5861 | Bailey   | HP: 4/106 [orc knight/+0 glaive (13)]
  5862 | Bailey   | Killed an orc knight
  5863 | Bailey   | Reached skill level 3 in Dodging
  6112 | Bailey   | Identified the +10 short sword of Tootov Ogi {holy, rC++}
  6129 | Bailey   | Reached skill level 4 in Dodging
  6348 | D:7      | Found Idgh's Book Emporium.
  6398 | D:7      | Noticed Maurice
  6424 | D:7      | Killed Maurice
  6791 | D:7      | Reached skill level 5 in Dodging
  7141 | D:6      | Found a transporter.
  7200 | D:5      | Found a runed translucent door.
  7271 | D:5      | Noticed Revguard's ghost (novice CoGl)
  7293 | D:5      | Found a runed translucent door.
  7845 | D:6      | Reached XP level 10. HP: 41/78 MP: 5/13
  8134 | D:6      | Found a transporter.
  8541 | D:8      | Got the Compilation of Earth and Takwin
  8567 | D:8      | Found Zoliomp's Assorted Antiques.
  8609 | D:8      | Reached skill level 1 in Short Blades
  8679 | D:8      | Bought 2 lumpy inky potions for 32 gold pieces
  8679 | D:8      | Bought a potion of might for 72 gold pieces
  8679 | D:8      | Bought a murky yellow potion for 16 gold pieces
  8679 | D:8      | Bought a small amethyst amulet for 90 gold pieces
  9125 | D:8      | Noticed a green death
  9375 | D:8      | Noticed Jeremiah
  9424 | D:8      | Killed Jeremiah
  9662 | D:9      | Reached skill level 5 in Short Blades
  9788 | D:9      | Identified the +2 flail of the Seven Planets {heavy,
                  | ^Fragile rElec rC+}
  9834 | D:9      | Found a staircase to the Orcish Mines.
 10259 | D:9      | Noticed Harold
 10288 | D:9      | Killed Harold
 10686 | D:9      | Reached skill level 5 in Fighting
 10930 | D:10     | Entered Level 10 of the Dungeon
 10967 | D:10     | Noticed a two-headed ogre
 10982 | D:10     | Killed a two-headed ogre
 10983 | D:10     | Reached skill level 6 in Dodging
 10983 | D:10     | Reached XP level 11. HP: 65/88 MP: 10/14
 11058 | D:10     | Noticed a two-headed ogre
 11070 | D:10     | Killed a two-headed ogre
 11370 | D:10     | Noticed a two-headed ogre
 11382 | D:10     | Killed a two-headed ogre
 11383 | D:10     | Reached skill level 7 in Dodging
 11706 | D:10     | Noticed Sonja
 11713 | D:10     | Killed Sonja
 11995 | D:11     | Reached skill level 8 in Dodging
 12148 | D:11     | Reached skill level 9 in Dodging
 12454 | D:11     | Found a staircase to the Lair.
 12531 | D:11     | Noticed a two-headed ogre
 12539 | D:11     | Killed a two-headed ogre
 12832 | Lair:1   | Entered Level 1 of the Lair of Beasts
 12859 | Lair:1   | Reached skill level 10 in Dodging
 13488 | Lair:1   | Reached skill level 5 in Armour
 13488 | Lair:1   | Reached XP level 12. HP: 54/97 MP: 13/15
 13781 | Lair:1   | Noticed a six-headed hydra
 13783 | Lair:1   | Noticed a boulder beetle
 13795 | Lair:1   | Found a transporter.
 13800 | Lair:1   | Noticed Gargoyl's ghost (novice GrBe)
 13892 | Lair:1   | Found a transporter.
 14295 | Lair:2   | Found a staircase to the Shoals.
 15169 | Lair:3   | Noticed Amaemon
 15195 | Lair:3   | Killed Amaemon
 15271 | Lair:3   | Identified a scroll of acquirement
 15273 | Lair:3   | Acquired a manual of Fighting
 15951 | Lair:3   | Found a staircase to the Snake Pit.
 16770 | Lair:4   | Reached XP level 13. HP: 40/111 MP: 6/16
 17103 | Lair:4   | Reached skill level 10 in Fighting
 17461 | Lair:5   | Entered Level 5 of the Lair of Beasts
 17869 | Lair:5   | Found a frozen archway.
 17947 | IceCv    | Entered an ice cave
 17990 | IceCv    | Reached skill level 11 in Dodging
 18364 | IceCv    | Noticed a reaper
 18434 | IceCv    | Killed a reaper
 18506 | IceCv    | Got the Collected Works on the Winter
 18707 | Lair:4   | Reached skill level 12 in Dodging
 19194 | Lair:5   | Paralysed by a hornet for 2 turns
 19441 | Lair:5   | Identified the +3 longbow of the Keeping Gods {drain,
                  | Int+3}
 19738 | Lair:5   | Found a staircase to the Slime Pits.
 19803 | Lair:5   | Reached skill level 5 in Shields
 19933 | Lair:5   | Noticed Xyurudghi's ghost (journeyman DsBr)
 19946 | Lair:5   | Reached XP level 14. HP: 108/126 MP: 14/17
 19983 | Lair:5   | Reached skill level 13 in Dodging
 20429 | Lair:5   | Found a runed translucent gate.
 20431 | Lair:5   | Found a runed translucent gate.
 20436 | Lair:5   | Found a runed translucent gate.
 20878 | Lair:5   | Identified the +2 trident "Ogre's Nightmare" {freeze,
                  | Will+}
 21444 | Lair:4   | Reached skill level 14 in Dodging
 21632 | Lair:5   | Killed Xyurudghi's ghost
 22066 | D:12     | Slain by a fire elemental

Illustrated notes

Levels and vault maps discovered:
D:1:      minmay_arrival_shoal_huts, layout_loops_ring, kennysheep_another_room,
          minmay_pentomino_s2
D:2:      layout_loops_ring, nicolae_ecumenical_oubliette,
          serial_bayou_crossing, uniq_robin, uniq_crazy_yiuf_cottage,
          uniq_terence
D:3:      layout_basic, serial_shops, nicolae_shop_behind_doors
D:4:      layout_basic, mainiacjoe_overflow_concentric_impassable
D:5:      layout_cave_pools, minmay_temple_entry_large_hall,
          gup_sewer_entry_bowl, serial_shops, shop, serial_gnoll_camp,
          gnoll_camp_mini_shop, gnoll_camp_mini_loothouse,
          gnoll_camp_mini_basic, gnoll_camp_mini_hut, gnoll_camp_mini_hut,
          ebering_ghost_sewer_f, minmay_statues_item
D:6:      layout_basic, gammafunk_temple_overflow_arena, minivault_25
D:7:      layout_basic, serial_curves, eino_curves_02, eino_curves_02,
          lightli_bailey_entry_fortress, serial_shops, shop,
          uniq_prince_ribbit1, uniq_maurice
D:8:      layout_layer_cave, makhleb_altar_promises_db, serial_shops, shop,
          kennysheep_generic_room_9, uniq_jeremiah
D:9:      layout_irregular_city, minitemple, orc_0_dummy,
          nicolae_nh_ransacked_shop, uniq_harold
D:10:     layout_loops_cross, uniq_sonja
D:11:     layout_irregular_city, lair_entry_dummy,
          lemuel_zombie_altar_yredelemnul
D:12:     layout_basic, introduction_to_nature_2
Lair:1:   layout_gridlike, gammafunk_ghost_berserking_beasts, serial_bayou,
          serial_bayou_shore_b, serial_bayou_pond_c, serial_bayou_pond_d,
          serial_bayou_shore_b, serial_bayou_pond_c
Lair:2:   layout_chaotic_city, shoals_dummy_entry, grunt_forest_stairs_basic,
          evilmike_ambush [evilmike_ambush_outer_basic,
          evilmike_ambush_inner_pond]
Lair:3:   layout_hall_layers, nicolae_snake_entry_squirm, uniq_amaemon
Lair:4:   layout_long_grid, serial_bayou_shore_a, lemuel_fruit_fields,
          grunt_megastairs_4
Lair:5:   guppyfry_lair_end_dragon, layout_gridlike, wormcave,
          minmay_slime_entry_oklob_open, gammafunk_ghost_icy,
          portal_ice_cave_entry_animals_and_master,
          chequers_serial_rivers_small_a, st_stairs_13

Skill      XL: |  1  2  3  4  5  6  7  8  9 10 11 12 13 14 |
---------------+-------------------------------------------+-----
Long Blades    | 2 3 4 5 6 7 9 10 11 12 13 | 13.4
Fighting       | 4 5 6 9 12 | 12.0
Armour         | 4 5 8 |  8.0
Shields        | 4 5 6 |  6.0
Dodging        | 2 5 6 10 12 14 | 14.4
Short Blades   | 6 |  6.3

Action                     |  1- 3 |  4- 6 |  7- 9 | 10-12 | 13-15 || total
---------------------------+-------+-------+-------+-------+-------++-------
  Melee: Long sword        |   161 |   235 |   318 |       |       ||   714
         Short sword       |       |       |   121 |  1294 |  1341 ||  2756
  Throw: Throwing net      |       |       |       |     2 |       ||     2
  Evoke: Wand              |       |       |     4 |     4 |       ||     8
    Use: Scroll            |     1 |       |       |    11 |     3 ||    15
         Potion            |     1 |     2 |     7 |       |     1 ||    11
   Stab: Held in net/web   |       |       |       |     3 |       ||     3
         Paralysed         |       |       |       |     1 |       ||     1
 Armour: Scale mail        |   125 |       |       |   338 |   437 ||   900
         Chain mail        |       |   214 |   338 |   124 |       ||   676
  Dodge: Dodged            |    55 |    67 |   112 |   684 |   883 ||  1801
  Block: Buckler           |    38 |    67 |   131 |   278 |   364 ||   878

Table legend: (Time is in decaauts)
 A = Elapsed time spent in this place.
 B = Non-inter-level travel time spent in this place.
 C = Inter-level travel time spent in this place.
 D = Time resting spent in this place.
 E = Time spent auto-exploring this place.
 F = Levels seen in this place.
 G = Mean time per level.
                   A        B        C        D        E       F      G
               +--------+--------+--------+--------+--------+-----+--------+
         Total |  21024 |  20278 |    746 |   5714 |   9312 |  20 | 1051.2 |
       Dungeon |  10975 |  10564 |    411 |   1958 |   6036 |  12 |  914.6 |
          Lair |   7662 |   7328 |    334 |   2479 |   2929 |   5 | 1532.4 |
         Sewer |    311 |    311 |      0 |    104 |     87 |   1 |  311.0 |
        Bailey |   1504 |   1504 |      0 |   1029 |    151 |   1 | 1504.0 |
      Ice Cave |    571 |    571 |      0 |    143 |    108 |   1 |  571.0 |
               +--------+--------+--------+--------+--------+-----+--------+

Top non-repeatable levels by time:
  Lair:5: 2884 daAuts
  Bailey: 1504 daAuts
  Lair:4: 1472 daAuts
  Lair:3: 1401 daAuts
     D:8: 1386 daAuts
     D:9: 1196 daAuts
  Lair:1: 1109 daAuts
     D:7: 1069 daAuts
     D:1: 1018 daAuts
    D:10: 987 daAuts
     D:3: 961 daAuts
     D:2: 908 daAuts
     D:5: 899 daAuts
     D:4: 836 daAuts
    D:11: 836 daAuts
